 Dungeon Crawl Stone Soup version 0.29.1-1-gd02db6906a (webtiles) character file.

Game seed: 6100267006721243877

50 vvl the Stinger (level 3, -5/25 HPs)
             Began as a Demonspawn Venom Mage on Oct 10, 2022.
             Killed from afar by Sigmund (10 damage)
             ... with a magic dart
             ... on level 3 of the Dungeon.
             The game lasted 00:04:20 (2444 turns).

vvl the Stinger (Demonspawn Venom Mage)             Turns: 2444, Time: 00:04:21

Health: -5/25      AC:  4    Str:  8    XL:     3   Next: 55%
Magic:  6/6        EV: 12    Int: 18    God:
Gold:   113        SH:  0    Dex: 13    Spells: 5/6 levels left

rFire   . . .      SeeInvis .   d - +0 short sword
rCold   . . .      Faith    .   (no shield)
rNeg    . . .      Spirit   .   a - +0 robe
rPois   .          Reflect  .   (no helmet)
rElec   .          Harm     .   (no cloak)
rCorr   .          Rampage  .   (no gloves)
Will    .....                   (no boots)
Stlth   ++........              (no amulet)
HPRegen 0.08/turn               (no ring)
MPRegen 0.10/turn               (no ring)

@: no status effects
A: thin metallic scales 1
a: no special abilities


You were on level 3 of the Dungeon.
You visited 1 branch of the dungeon, and saw 3 of its levels.

You collected 113 gold pieces.

Inventory:

Hand Weapons
 d - a +0 short sword (weapon)
 g - a +0 war axe
Armour
 a - a +0 robe (worn)
Jewellery
 m - a ring of fire
 p - a ring of fire
Wands
 q - a wand of digging (8)
Scrolls
 c - a scroll of identify {unknown}
 e - a scroll of brand weapon {unknown}
 f - 3 scrolls of teleportation {unknown}
 k - a scroll of immolation {unknown}
 n - a scroll of enchant weapon {unknown}
 o - a scroll of noise {unknown}
 r - a scroll of magic mapping {unknown}
Potions
 b - a potion of magic
 h - a potion of heal wounds {unknown}
 i - a potion of attraction {unknown}
 j - 4 potions of curing {unknown}
 l - a potion of degeneration {unknown}


   Skills:
 + Level 0.8 Fighting
 + Level 0.8 Armour
 - Level 2.0 Dodging
 - Level 2.0 Stealth
 + Level 2.2 Spellcasting
 + Level 0.7 Necromancy
 + Level 1.2 Transmutations
 * Level 3.5 Poison Magic


You had 5 spell levels left.
You knew the following spells:

 Your Spells              Type           Power      Damage    Failure   Level
a - Sting                 Tmut/Pois      40%        1d5       7%          1

Your spell library contained the following spells:

 Spells                   Type           Power      Damage    Failure   Level
 Necrotise                Necr           16%        1d4       13%         1
 Poisonous Vapours        Pois/Air       16%        N/A       13%         2
 Mephitic Cloud           Conj/Pois/Air  6%         N/A       32%         3
 Vampiric Draining        Necr           4%         2d6       36%         3
 Olgreb's Toxic Radiance  Pois           14%        N/A       38%         4
 Agony                    Necr           4%         N/A       98%         5


Dungeon Overview and Level Annotations

Branches:
Dungeon (3/15)

Altars:

Annotations:
D:3 Sigmund


Innate Abilities, Weirdness & Mutations

You are partially covered in thin metallic scales. (AC +2)


Message History

The bat barely misses you.
The sting hits the bat.
The bat is poisoned.
The bat is severely wounded.
The bat barely misses you. Sigmund casts a spell at you.
You are confused.
Sigmund says, "Look into my eyes."
Sigmund hits you from afar with a +0 vampiric scythe.
Sigmund draws strength from your wounds!
Sigmund looks more healthy.
You kill the bat!
Sigmund hits you from afar with a +0 vampiric scythe.
Sigmund draws strength from your wounds!
The kobold hits you with a +0 dagger.
You miss the kobold. The kobold closely misses you.
The kobold attacks as you move away! The kobold hits you with a +0 dagger.
Sigmund completely misses you. The kobold hits you but does no damage.
Sigmund points at you and mumbles some strange words.
The puff of flame hits you. The kobold attacks as you move away!
The kobold barely misses you. Sigmund hits you but does no damage.
You bump into the rock wall.
You feel less confused. The kobold hits you but does no damage.
The kobold attacks as you move away! The kobold closely misses you.
Sigmund hits you from afar with a +0 vampiric scythe!
* * * LOW HITPOINT WARNING * * *
Sigmund draws strength from your wounds!
The kobold attacks as you move away! The kobold hits you but does no damage.
The kobold hits you with a +0 dagger.
* * * LOW HITPOINT WARNING * * *
Sigmund mumbles some strange words.
Sigmund flickers and vanishes!
Deactivating autopickup; reactivate with Ctrl-A.
The kobold attacks as you move away! The kobold hits you but does no damage.
A goblin comes into view. It is wielding a +0 dagger.
A magic dart appears from out of thin air!
The magic dart hits you!
You die...

######...............#
.....................#
######..##..#######..#
#†...(.#######..#
#..#...##...{...#
#..##..##.......#
#..##..##.K≈≈≈≈.#
#..##..##..≈....#
#..##..##@.≈._...#
...##......≈.....# #.#
#............#
#.###..###...# .g ....
.### ## ##### #


You could see a goblin (asleep) and a kobold.

Vanquished Creatures
  An adder (D:2)
  A dart slug (D:2)
  7 endoplasms
  3 hobgoblins (D:1)
  2 quokkas (D:2)
  5 ball pythons
  5 bats
  A frilled lizard (D:2)
  A goblin (D:1)
  5 kobolds
  6 rats
37 creatures vanquished.

Notes
Turn   | Place    | Note
-------+----------+-------------------------------------------
     0 | D:1      | vvl the Demonspawn Venom Mage began the quest for the Orb.
     0 | D:1      | Reached XP level 1. HP: 13/13 MP: 3/3
   195 | D:1      | Reached skill level 1 in Transmutations
   443 | D:1      | Gained mutation: You are partially covered in thin metallic
                  | scales. (AC +2) [demonic ancestry]
   443 | D:1      | Reached XP level 2. HP: 14/19 MP: 1/5
  1123 | D:2      | Found a faded altar of an unknown god.
  1525 | D:2      | Reached XP level 3. HP: 25/25 MP: 4/6
  2421 | D:3      | Noticed Sigmund
  2444 | D:3      | Killed from afar by Sigmund

Illustrated notes

Levels and vault maps discovered:
D:1:      dpeg_arrival_simpleton_a, layout_basic
D:2:      layout_basic, shapermc_ecumenical_altar_ellora
D:3:      layout_loops_ring, mainiacjoe_overflow_chevrons, uniq_sigmund

Skill      XL: |  1  2 |
---------------+-------+-----
Transmutations | 1 |  1.2
Stealth        | 2 |  2.0
Dodging        | 2 |  2.0
Fighting       | |  0.8
Armour         | |  0.8
Spellcasting   | |  2.2
Necromancy     | |  0.7
Poison Magic   | |  3.5

Action                   || total
-------------------------++-------
Melee: Short sword       ||    34
       Hand axe          ||     1
 Cast: Sting             ||    62
Armor: Robe              ||    22
Dodge: Dodged            ||    48
